 Dungeon Crawl Stone Soup version 0.32-a0-450-g080537f31e (webtiles) character file.

Game seed: 16954732924711196236

25 bearlyready the Chopper (level 3, 29/29 HPs)
             Began as a Coglin Monk on Feb 23, 2024.
             Was a Believer of Wu Jian.
             Quit the game on level 1 of the Dungeon.
             The game lasted 00:01:21 (623 turns).

bearlyready the Chopper (Coglin Monk)                Turns: 623, Time: 00:01:22

Health: 29/29      AC:  2    Str: 13    XL:     3   Next: 4%
Magic:  3/3        EV: 13    Int:  9    God:    Wu Jian [**....]
Gold:   31         SH:  0    Dex: 16    Spells: 2/2 levels left

rFire   . . .        a - +0 hand axe {Kanchana}
rCold   . . .        d - orb {light}
rNeg    . . .        b - +0 robe
rPois   .            (no helmet)
rElec   .            (no cloak)
rCorr   .            (no gloves)
SInv    .            (no boots)
Will    .....        (no amulet)
Stlth   +            (no ring)
HPRegen 0.24/turn    (no ring)
MPRegen 0.08/turn

%: no passive effects
@: glowing, revved
A: off-hand wielding, slow wielding, warmup strikes, legs shutdown
a: Renounce Religion, Wall Jump


You were on level 1 of the Dungeon.
You worshipped Wu Jian.
Wu Jian was pleased with you.
You visited 1 branch of the dungeon, and saw 1 of its levels.

You collected 31 gold pieces.

Inventory:

Hand Weapons
 a - a +0 hand axe (weapon) {Kanchana}
Missiles
 g - 3 poisoned darts (quivered)
Armour
 b - a +0 robe (worn)
 d - an orb of light (worn)
Scrolls
 e - 2 scrolls of enchant weapon {unknown}
 f - a scroll of identify {unknown}
 h - 2 scrolls of teleportation {unknown}
 j - a scroll of noise {unknown}
Potions
 c - a potion of ambrosia
 i - a potion of heal wounds {unknown}
 k - a potion of curing {unknown}


   Skills:
 - Level 3.0 Fighting
 + Level 4.1 Axes
 - Level 2.6 Dodging


You had 2 spell levels left.
You didn't know any spells.
Your spell library was empty.

Dungeon Overview and Level Annotations

Branches:
Dungeon (1/15)

Altars:
Wu Jian


Innate Abilities, Weirdness & Mutations

You can wield a second weapon in your off-hand.
It takes a long time for you to wield or remove held weapons.
Your first few attacks do less damage.
Attacking and casting redirects power from your legs.


Message History

The hobgoblin is lightly wounded.
The hobgoblin barely misses you.
You slash the hobgoblin!
You kill the hobgoblin!
The Council accepts your kill.
You have reached level 3!
Your experience leads to an increase in your attributes!
Increase (S)trength, (I)ntelligence, or (D)exterity?
You feel stronger. x2
You see here a hobgoblin skeleton.
A giant cockroach comes into view.
A giant cockroach is nearby!
A giant cockroach is nearby!
You hit the giant cockroach.
The giant cockroach is severely wounded.
The giant cockroach barely misses you.
The giant cockroach completely misses you.
You barely miss the giant cockroach.
The giant cockroach is severely wounded.
The giant cockroach bites you.
You barely miss the giant cockroach.
The giant cockroach is severely wounded.
The giant cockroach misses you.
You barely miss the giant cockroach.
The giant cockroach is severely wounded.
The giant cockroach closely misses you.
You hit the giant cockroach.
You kill the giant cockroach!
The Council accepts your kill.
You see here a giant cockroach corpse.
Okay, then.
You are illuminated by a small divine halo.
You are glowing.
You're fully limbered up.
Your movement speed is average.
Your attack delay is about 1.1.
Your damage rating with your +0 hand axe {Kanchana} is about 8 (Base 7 x 107% (Str) x 113% (Skill)).
Char dumped successfully.
You have 31 gold pieces.
Annotate which branch? (. - D:1, ? - help, ! - show branch list)
Okay, then.
Are you sure you want to abandon this character and quit the game? (Confirm with "yes".)

....##................#........#
....##................#.†......#
######.........................#
# #....÷..........#.........# #
##............#.#.#.......# #
##.....##..#.#.#.#.#.....# #
#####.##.##########.....#
#.##.#.# .....# # #..#.@.# .###
# ##.......# # #######...# ###


There were no monsters in sight!

Vanquished Creatures
  3 endoplasms (D:1)
  4 giant cockroaches (D:1)
  A goblin (D:1)
  4 hobgoblins (D:1)
  A quokka (D:1)
  2 ball pythons (D:1)
  2 bats (D:1)
  3 frilled lizards (D:1)
  2 rats (D:1)
22 creatures vanquished.

Notes
Turn   | Place    | Note
-------+----------+-------------------------------------------
     0 | D:1      | bearlyready the Coglin Monk began the quest for the Orb.
     0 | D:1      | Reached XP level 1. HP: 18/18 MP: 1/1
   106 | D:1      | Reached XP level 2. HP: 24/24 MP: 2/2
   356 | D:1      | Reached skill level 4 in Axes
   460 | D:1      | Found a faded altar of an unknown god.
   520 | D:1      | Prayed at the altar of an unknown god.
   520 | D:1      | Became a worshipper of the Wu Jian Council
   520 | D:1      | Reached * piety under Wu Jian
   520 | D:1      | Reached ** piety under Wu Jian
   555 | D:1      | Reached XP level 3. HP: 29/29 MP: 3/3
   623 | D:1      | Quit the game

Illustrated notes

Levels and vault maps discovered:
D:1:      evilmike_arrival_crescent, layout_rooms, serial_corexii_hall,
          corexii_hall_statues_l, corexii_hall_statues_s,
          shapermc_ecumenical_altar_venn, minmay_worlds_worst_comb

Skill      XL: |  1  2 |
---------------+-------+-----
Axes           | 4 |  4.1
Fighting       | |  3.0
Dodging        | |  2.6

Action                     || total
---------------------------++-------
  Melee: Hand axe          ||    59
 Armour: Robe              ||    25
  Dodge: Dodged            ||    44

Table legend: (Time is in decaauts)
 A = Elapsed time spent in this place.
 B = Non-inter-level travel time spent in this place.
 C = Inter-level travel time spent in this place.
 D = Time resting spent in this place.
 E = Time spent auto-exploring this place.
 F = Levels seen in this place.
 G = Mean time per level.
                   A        B        C        D        E       F      G
               +--------+--------+--------+--------+--------+-----+--------+
         Total |    630 |    630 |      0 |      0 |    475 |   1 |  630.0 |
       Dungeon |    630 |    630 |      0 |      0 |    475 |   1 |  630.0 |
               +--------+--------+--------+--------+--------+-----+--------+

Top non-repeatable levels by time:
     D:1: 630 daAuts
